 Dungeon Crawl Stone Soup version 0.22-a0-833-g8522bf8 (webtiles) character file.

51 inc the Conjurer (level 3, -5/14 HPs)
             Began as a Felid Conjurer on July 25, 2018.
             Killed from afar by an orc wizard (9 damage)
             ... with a puff of frost
             ... on level 2 of the Dungeon.
             The game lasted 00:02:01 (1655 turns).

inc the Conjurer (Felid Conjurer)                   Turns: 1655, Time: 00:02:02

Health: -5/14      AC:  1    Str:  4    XL:     3   Next: 57%
Magic:  2/7        EV: 18    Int: 17    God:
Gold:   50         SH:  0    Dex: 16    Spells: 3/6 levels left
                                        Lives:  0   Deaths: 0

rFire    . . .     SeeInvis +   (weapon unavailable)
rCold    . . .     Gourm    .   (shield unavailable)
rNeg     . . .     Faith    .   (armour unavailable)
rPois    .         Spirit   .   (helmet unavailable)
rElec    .         Reflect  .   (cloak unavailable)
rCorr    .         Harm     .   (gloves unavailable)
MR       .....                  (boots unavailable)
Stlth    +++.......             (no amulet)
HPRegen  0.04/turn              (no ring)
MPRegen  0.10/turn              (no ring)

@: quick
A: very small, no armour, no weapons or thrown items, stealth, claws 1, fangs 3,
see invisible, carnivore, speed 1, shaggy fur 1, slow metabolism 1, sharp paws
a: no special abilities


You were on level 2 of the Dungeon.
You were very hungry.

You visited 1 branch of the dungeon, and saw 2 of its levels.

You collected 50 gold pieces.

Inventory:

Jewellery
 i - an uncursed amulet of regeneration {unknown}
Scrolls
 a - 3 scrolls of fear {unknown}
 e - 2 scrolls of teleportation {unknown}
 j - a scroll of magic mapping {unknown}
 l - a scroll of identify {unknown}
Potions
 c - a potion of berserk rage {unknown}
 d - a potion of flight {unknown}
 f - a potion of invisibility {unknown}
 g - a potion of brilliance {unknown}
 h - a potion of heal wounds {unknown}
 k - a potion of resistance {unknown}
Comestibles
 b - 2 rations


   Skills:
 - Level 2.6 Dodging
 - Level 2.6 Stealth
 - Level 2.0 Spellcasting
 + Level 4.9 Conjurations


You had 3 spell levels left.
You knew the following spells:

 Your Spells              Type           Power        Failure   Level  Hunger
a - Magic Dart            Conj           ###.         2%          1    #......
b - Searing Ray           Conj           ###...       4%          2    ###....

Your spell library contained the following spells:

 Spells                   Type           Power        Failure   Level  Hunger
 Iskenderun's Mystic Bla  Conj           ###.....     26%         4    #####..
 Fulminant Prism          Conj/Hex       ##........   56%         4    #####..
 Dazzling Spray           Conj/Hex       ##....       22%         3    ###....
 Force Lance              Conj/Tloc      ##......     56%         4    #####..


Dungeon Overview and Level Annotations

Branches:
Dungeon (2/15)

Altars:
Xom


Innate Abilities, Weirdness & Mutations

You cannot wear armour.
You are incapable of wielding weapons or throwing items.
Your paws allow you to move quietly. (Stealth)
You have sharp claws.
You have razor-sharp teeth.
You have supernaturally acute eyesight. (SInv)
You are carnivorous and can eat meat at any time.
You cover ground quickly.
You are covered in fur. (AC +1)
You have a slow metabolism.
Your sharp claws are effective at attacking unaware monsters.


Message History

Aim: an orc wizard, wielding a dagger and wearing a robe (moderately wounded)
The magic dart hits the orc wizard.
The orc wizard is moderately wounded.
An adder comes into view.
Casting: Magic Dart (safe; 2% risk of failure)
Confirm with . or Enter, or press ? or * to list all spells.
Aiming: Magic Dart (safe; 2% risk of failure)
Press: ? - help, Shift-Dir - straight line, f/p - orc wizard
Aim: an orc wizard, wielding a dagger and wearing a robe (moderately wounded)
The magic dart hits the orc wizard.
The orc wizard is heavily wounded.
The adder hisses angrily.
The orc wizard points at you and mumbles some strange words.
The puff of flame hits you!
Ouch! That really hurt!
* * * LOW HITPOINT WARNING * * *
The orc wizard points at you and mumbles some strange words.
The puff of frost hits you!
Ouch! That really hurt!
You die...

## ############# #..
#..[...##....
#...############.#.##....
#............# #...##....
#...........# #.........
#......@....# #.#.......
.S.....###...###.#.......
....... #...+.#.#.......
..o.... #...#.#.###.....
...^^^.###...#.#.# #.....
..)._^...........#...#...
...^.^..........>#...#...
.......#####.....########
.. ###.#.#


You could see an orc wizard and an adder.

Vanquished Creatures
  2 gnolls (D:1)
  A dart slug (D:1)
  2 leopard geckos (D:1)
  An orc (D:2)
  4 bats (D:1)
  5 goblins
  2 hobgoblins
  A frilled lizard (D:2)
  7 kobolds
  A rat (D:1)
26 creatures vanquished.

Notes
Turn   | Place    | Note
-------+----------+-------------------------------------------
     0 | D:1      | inc the Felid Conjurer began the quest for the Orb.
     0 | D:1      | Reached XP level 1. HP: 7/7 MP: 4/4
   206 | D:1      | Reached skill level 4 in Conjurations
   206 | D:1      | Reached XP level 2. HP: 11/11 MP: 1/6
   257 | D:1      | Learned a level 2 spell: Searing Ray
   884 | D:1      | Reached XP level 3. HP: 10/14 MP: 3/7
  1651 | D:2      | Found a shimmering altar of Xom.
  1655 | D:2      | Killed from afar by an orc wizard

Vault maps used:
D:1:      eino_arrival_tree_alley, amethyst_killhole
D:2:      grunt_temple_overflow_forces_of_nature, xom_teletrap_fun,
          eat_drink_and_be_merry_uskayaw, first_ration, uniq_crazy_yiuf_cottage,
          uniq_robin

Skill      XL: |  1 |
---------------+----+-----
Conjurations   | 4 |  4.9
Dodging        | |  2.6
Stealth        | |  2.6
Spellcasting   | |  2.0

Action                   || total
-------------------------++-------
Melee: Unarmed           ||     9
 Cast: Magic Dart        ||    47
       Searing Ray       ||     4
Armor: Skin              ||     3
Dodge: Dodged            ||    35

Table legend:
 A = Spawn XP
 B = Non-spawn XP
 C = Spawn XP percentage of total XP
 D = Spawn monster count
 E = Non-spawn monster count
 F = Spawn count percentage of total count
 G = Total turns spent on level
                    A         B        C        D         E        F      G
               +---------+---------+-------+---------+---------+-------+---------
         Total |       0 |      73 |   0.0 |       0 |      26 |   0.0 |  1655
               +---------+---------+-------+---------+---------+-------+---------
           D:1 |       0 |      64 |   0.0 |       0 |      21 |   0.0 |  1534
           D:2 |       0 |       9 |   0.0 |       0 |       5 |   0.0 |   121
               +---------+---------+-------+---------+---------+-------+---------
